 Dungeon Crawl Stone Soup version 0.30-a0-652-gcc886f7154 (webtiles) character file.

Game seed: 10531001934642086823

1880 bmack86 the Chopper (level 8, -5/71 HPs)
             Began as a Minotaur Fighter on Jan 18, 2023.
             Was a Priest of Okawaru.
             Succumbed to a hornet's poison
             ... on level 7 of the Dungeon.
             The game lasted 00:15:30 (7086 turns).

bmack86 the Chopper (Minotaur Fighter)              Turns: 7086, Time: 00:15:31

Health: -5/71      AC: 18    Str: 23    XL:     8   Next: 91%
Magic:  7/9        EV:  9    Int:  5    God:    Okawaru [***...]
Gold:   356        SH:  7    Dex: 10    Spells: 7/7 levels left

rFire   . . .      SeeInvis .    a - +1 war axe
rCold   . . .      Faith    .    c - +1 buckler
rNeg    . . .      Spirit   .    m - +0 chain mail
rPois   .          Reflect  .    (helmet restricted)
rElec   .          Harm     .    z - +1 cloak
rCorr   .          Rampage  .    (no gloves)
Will    .....                    j - +2 pair of boots Stlth
                                 (no amulet)
HPRegen 0.31/turn                (no ring)
MPRegen 0.11/turn                (no ring)

@: lethally poisoned (-5 -> -28), heroic, slowed, very slow
A: horns 2, retaliatory headbutt
a: Renounce Religion, Heroism


You were on level 7 of the Dungeon.
You worshipped Okawaru.
Okawaru was most pleased with you.
You visited 2 branches of the dungeon, and saw 8 of its levels.
You also visited: Sewer and Ossuary.

You collected 356 gold pieces.

Inventory:

Hand Weapons
 a - a +1 war axe (weapon)
Missiles
 e - 20 poisoned darts (quivered)
 l - a boomerang
Armour
 c - a +1 buckler (worn)
 j - a +2 pair of boots (worn)
 m - a +0 chain mail (worn)
 o - a scarf of harm
 z - a +1 cloak (worn)
Wands
 y - a wand of flame (20)
Scrolls
 q - a scroll of blinking
 u - 2 scrolls of identify
Potions
 d - a potion of might
 f - 2 potions of berserk rage
 g - 6 potions of curing
 h - a potion of magic {unknown}
 i - 5 potions of heal wounds
 k - 3 potions of attraction
 n - a potion of lignification {unknown}
 p - a potion of invisibility {unknown}
 r - a potion of mutation {unknown}
 t - 2 potions of flight {unknown}
 v - 3 potions of cancellation
 w - 4 potions of degeneration
 x - 3 potions of ambrosia


   Skills:
 + Level 6.4(11.4) Fighting
 * Level 7.8(12.8) Axes
 + Level 4.2(9.2) Throwing
 + Level 6.3(11.3) Armour
 + Level 6.5(11.5) Shields
 + Level 3.6 Invocations


You had 7 spell levels left.
You didn't know any spells.
Your spell library contained the following spells:

 Spells                   Type           Power      Damage    Failure   Level
 Foxfire                  Conj/Fire      0%         2x1d4     98%         1
 Magic Dart               Conj           0%         1d3       98%         1
 Cigotuvi's Dreadful Rot  Necr/Pois/Air  0%         N/A       99%         2
 Poisonous Vapours        Pois/Air       0%         N/A       99%         2
 Mephitic Cloud           Conj/Pois/Air  0%         N/A       100%        3
 Fireball                 Conj/Fire      0%         3d3       100%        5
 Starburst                Conj/Fire      0%         6d3       100%        6
 Call Imp                 Summ           Unusable   N/A       N/A         2
 Animate Dead             Necr           Unusable   N/A       N/A         4
 Haunt                    Necr/Summ      Unusable   N/A       N/A         7
 Infestation              Necr           Unusable   N/A       N/A         8

Dungeon Overview and Level Annotations

Branches:
Dungeon (7/15)             Temple (1/1) D:4           Sewer (visited)
Ossuary (visited)

Altars:
Ashenzari
Cheibriados
Dithmenos
Elyvilon
Fedhas
Gozag
Hepliaklqana
Kikubaaqudgha
Makhleb
Nemelex Xobeh
Okawaru
Qazlal
Ru
Sif Muna
Vehumet
Wu Jian
Xom
Yredelemnul
Zin
The Shining One

Shops:
D:6 :(


Innate Abilities, Weirdness & Mutations

You have a pair of horns on your head.
You reflexively headbutt those who attack you in melee.


Message History

A killer bee comes into view.
You barely miss the killer bee.
You feel sick.
The killer bee buzzes angrily.
The killer bee stings you but does no damage.
You block the killer bee's attack.
You barely miss the killer bee. Your headbutt misses the killer bee.
You closely miss the hornet.
You feel sick.
A killer bee comes into view.
The hornet stings you!
You are more poisoned.
You feel yourself slow down. The hornet stings you.
You are more poisoned.
You suddenly lose the ability to move!
You feel very sick.
The killer bee stings you but does no damage. x2
The hornet stings you!
You feel as though you will be slow longer.
The killer bee stings you but does no damage.
You feel very sick.
The killer bee stings you but does no damage. x3
The hornet stings you but does no damage.
The killer bee stings you. x2
The killer bee stings you but does no damage.
The hornet stings you but does no damage.
You can move again.
You gain the combat prowess of a mighty hero.
You feel very sick.
The killer bee stings you but does no damage.
You block the killer bee's attack.
The killer bee stings you but does no damage.
You block the killer bee's attack. x2; The killer bee closely misses you.
You furiously retaliate!
You headbutt the killer bee! The hornet stings you!
* * * LOW HITPOINT WARNING * * *
You are lethally poisoned!
You feel as though you will be slow longer.
The killer bee stings you but does no damage. x2
The hornet stings you!
* * * LOW HITPOINT WARNING * * *
You feel as though you will be slow longer.
You die...

......############
#.................
#.................
#.................
#.................
#.................
#........)<.......
#######yy......)))......
......y@.......)........
.......yyy..............
............############
............#
............#
............#
............#
............# ####+####


You could see a hornet and 5 killer bees.

Vanquished Creatures
  A troll (D:5)
  A wraith (Ossuary)
  A sky beast (D:6)
  Pargi (Sewer)
  An ogre (D:5)
  2 phantoms
  An elf zombie (Ossuary)
  2 kobold brigands
  4 scorpions
  A howler monkey (D:5)
  4 hounds
  Crazy Yiuf (D:6)
  3 orc priests
  2 orc wizards
  4 mummies
  11 gnolls
  5 adders
  A white imp (D:5)
  An ufetubus (D:5)
  2 worms (D:2)
  15 orcs
  9 bats
  7 endoplasms
  6 giant cockroaches
  5 goblins
  8 hobgoblins
  9 jackals
  8 quokkas
  11 ball pythons
  4 frilled lizards
  2 goblin zombies (Ossuary)
  A hobgoblin zombie (Ossuary)
  20 kobolds
  7 kobold zombies
  7 rats
168 creatures vanquished.

Vanquished Creatures (others)
  11 plants (D:4)
11 creatures vanquished.

Grand Total: 179 creatures vanquished

Notes
Turn   | Place    | Note
-------+----------+-------------------------------------------
     0 | D:1      | bmack86 the Minotaur Fighter began the quest for the Orb.
     0 | D:1      | Reached XP level 1. HP: 19/19 MP: 0/0
   156 | D:1      | Reached XP level 2. HP: 19/27 MP: 1/1
   672 | D:1      | Reached skill level 3 in Axes
  1163 | D:2      | Reached skill level 1 in Throwing
  1163 | D:2      | Reached XP level 3. HP: 16/33 MP: 2/2
  1414 | D:2      | Identified the +8 falchion "Xontyll" {drain, Fly SInv}
  1642 | D:2      | Reached XP level 4. HP: 39/40 MP: 3/3
  2337 | D:3      | Reached skill level 4 in Axes
  2373 | D:3      | Found a glowing golden altar of the Shining One.
  2373 | D:3      | Found an ornate altar of the Wu Jian Council.
  2373 | D:3      | Found a sparkling altar of Nemelex Xobeh.
  2374 | D:3      | Found a burning altar of Makhleb.
  2858 | D:3      | Reached XP level 5. HP: 43/47 MP: 4/4
  3039 | D:4      | Found a staircase to the Ecumenical Temple.
  3059 | Temple   | Entered the Ecumenical Temple
  3212 | Temple   | Became a worshipper of Warmaster Okawaru
  3394 | D:4      | Reached XP level 6. HP: 43/53 MP: 5/5
  3660 | D:4      | Reached skill level 1 in Invocations
  3812 | D:4      | Reached * piety under Okawaru
  3813 | D:4      | Reached skill level 5 in Axes
  3813 | D:4      | Reached skill level 5 in Shields
  3996 | D:5      | Entered Level 5 of the Dungeon
  4004 | D:5      | Reached skill level 5 in Fighting
  4025 | D:5      | Reached skill level 5 in Armour
  4025 | D:5      | Reached XP level 7. HP: 27/61 MP: 7/7
  4051 | D:5      | Noticed a troll
  4065 | D:5      | Killed a troll
  4240 | D:5      | Found a sand-covered staircase.
  4252 | D:5      | Reached ** piety under Okawaru
  4253 | D:5      | Reached skill level 6 in Axes
  4284 | Ossuary  | Entered an ossuary
  4284 | Ossuary  | Noticed a wraith
  4284 | Ossuary  | Noticed a wraith
  4284 | Ossuary  | Noticed a wraith
  4428 | Ossuary  | Noticed a wraith
  4431 | Ossuary  | Killed a wraith
  4432 | Ossuary  | Reached XP level 8. HP: 59/69 MP: 8/8
  5529 | D:5      | Found an opulent altar of Gozag.
  5547 | D:5      | Reached skill level 7 in Axes
  5556 | D:5      | Found a broken altar of Ashenzari.
  5682 | D:6      | Found a glowing drain.
  5705 | Sewer    | Entered a sewer
  5849 | Sewer    | Noticed Pargi
  5856 | Sewer    | Killed Pargi
  5994 | D:6      | Found a large runed translucent door.
  5995 | D:6      | Found a large runed translucent door.
  5995 | D:6      | Found a shimmering altar of Xom.
  6225 | D:6      | Found a runed translucent door.
  6226 | D:6      | Noticed Crazy Yiuf
  6271 | D:6      | Found Amer's Tremendous Tomes.
  6387 | D:6      | Found Sarar's Weapon Boutique.
  6485 | D:6      | Reached *** piety under Okawaru
  6534 | D:6      | Found a glowing silver altar of Zin.
  6740 | D:6      | Killed Crazy Yiuf
  7078 | D:7      | Noticed a hornet
  7082 | D:7      | Paralysed by a hornet for 3 turns
  7085 | D:7      | HP: 3/71 [hornet (9)]
  7086 | D:7      | Succumbed to a hornet's poison

Illustrated notes

Levels and vault maps discovered:
D:1:      ebering_hopf_link, layout_basic, chequers_serial_rivers_micro_d,
          minmay_pentomino_x2
D:2:      minmay_angry_zag, layout_loops_cross, eino_tiny_chamber,
          chequers_avenue
D:3:      layout_basic, chequers_temple_overflow_statue_of_worship,
          minmay_unequal
D:4:      layout_cave_pools, temple_green, serial_bayou, serial_bayou_pond_c,
          serial_bayou_crossing, serial_bayou_pond_d, serial_bayou_ford_a,
          kennysheep_generic_room_16
D:5:      layout_cave_pools, mainiacjoe_overflow_big_doors,
          nicolae_ossuary_entry_giza
D:6:      due_chaos_kobolds, layout_basic, mainiacjoe_overflow_alcove_2,
          serial_shops, kennysheep_mini, portal_sewer_entry_f,
          nicolae_shop_i_like_big_books, kennysheep_cluttered_room,
          grunt_ministairs_14, uniq_crazy_yiuf_cottage
D:7:      layout_gridville, nicolae_uskayaw_dance_hall, serial_shops,
          nicolae_shop_stone, st_stairs_14, serial_bayou_pond_c, minivault_23,
          minmay_misc_feat_enclosed, nicolae_shop_gadgets
Temple:   nicolae_temple_figure_eight

Skill      XL: |  1  2  3  4  5  6  7  8 |
---------------+-------------------------+-----
Axes           | 3 4 5 6 7 |  7.8
Throwing       | 1 2 3 4 |  4.2
Shields        | 4 5 6 |  6.5
Fighting       | 4 5 6 |  6.4
Armour         | 4 5 6 |  6.3
Invocations    | 1 2 3 |  3.6

Action                   |  1- 3 |  4- 6 |  7- 9 || total
-------------------------+-------+-------+-------++-------
Melee: War axe           |    69 |   128 |   165 ||   362
       Headbutt          |     7 |    18 |    22 ||    47
Throw: Dart              |       |     1 |       ||     1
Invok: Heroism           |       |       |     2 ||     2
  Use: Scroll            |     3 |     5 |    12 ||    20
       Potion            |       |       |     1 ||     1
Armor: Scale mail        |    30 |    65 |    57 ||   152
       Chain mail        |       |       |    46 ||    46
Dodge: Dodged            |    47 |    74 |    78 ||   199
Block: Buckler           |    24 |    40 |    55 ||   119

Table legend: (Time is in decaauts)
 A = Elapsed time spent in this place.
 B = Non-inter-level travel time spent in this place.
 C = Inter-level travel time spent in this place.
 D = Time resting spent in this place.
 E = Time spent auto-exploring this place.
 F = Levels seen in this place.
 G = Mean time per level.
                   A        B        C        D        E       F      G
               +--------+--------+--------+--------+--------+-----+--------+
         Total |   7223 |   6999 |    224 |    424 |   4322 |  10 |  722.3 |
       Dungeon |   6268 |   6054 |    214 |    424 |   4065 |   7 |  895.4 |
        Temple |    227 |    217 |     10 |      0 |    205 |   1 |  227.0 |
         Sewer |    193 |    193 |      0 |      0 |      0 |   1 |  193.0 |
       Ossuary |    534 |    534 |      0 |      0 |     52 |   1 |  534.0 |
               +--------+--------+--------+--------+--------+-----+--------+

Top non-repeatable levels by time:
     D:5: 1172 daAuts
     D:1: 1101 daAuts
     D:6: 1027 daAuts
     D:2: 999 daAuts
     D:3: 923 daAuts
     D:4: 839 daAuts
 Ossuary: 534 daAuts
  Temple: 227 daAuts
     D:7: 205 daAuts
   Sewer: 193 daAuts
